 Dungeon Crawl Stone Soup version 0.21-a0-29-g43b3074 (webtiles) character file.

1071 nikopol the Thaumaturge (level 8, -2/41 HPs)
             Began as a Deep Elf Fire Elementalist on May 26, 2017.
             Was an Initiate of Vehumet.
             Engulfed by a steam dragon's steam (9 damage)
             ... on level 5 of the Dungeon.
             The game lasted 00:28:09 (6407 turns).

nikopol the Thaumaturge (DEFE)                      Turns: 6407, Time: 00:28:11

Health: -2/41      AC:  2    Str:  5    XL:     8   Next: 7%
Magic:  1/22       EV: 13    Int: 23    God:    Vehumet [......]
Gold:   197        SH:  0    Dex: 15    Spells: 12/23 levels left

rFire    . . .     SeeInvis .   o - +2 dagger (speed)
rCold    + . .     Gourm    .   (no shield)
rNeg     . . .     Faith    .   a - +0 robe
rPois    .         Spirit   .   (no helmet)
rElec    .         Reflect  .   (no cloak)
rCorr    +         Harm     .   (no gloves)
MR       .....                  (no boots)
Stlth    ++........             (no amulet)
Regen    0.2/turn               n - ring of protection from cold
MPRegen  0.2/turn               q - ring of resist corrosion

@: no status effects
A: no striking features
a: Renounce Religion


You were on level 5 of the Dungeon.
You worshipped Vehumet.
Vehumet was noncommittal.
You were not hungry.

You visited 2 branches of the dungeon, and saw 6 of its levels.

You collected 197 gold pieces.

Inventory:

Hand Weapons
 f - a +0 hand axe
 o - a +2 dagger of speed (weapon)
Armour
 a - a +0 robe (worn)
Jewellery
 n - a ring of protection from cold (left hand)
 q - a ring of resist corrosion (right hand)
Wands
 t - a wand of confusion (31/48)
Scrolls
 d - a scroll of teleportation {unknown}
 h - a scroll of fear {unknown}
 i - 6 scrolls of identify {unknown}
 k - a scroll of fog {unknown}
 m - 3 scrolls of remove curse {unknown}
 p - a scroll of immolation {unknown}
 r - a scroll of amnesia {unknown}
 s - a scroll of recharging {unknown}
 v - a scroll of enchant armour {unknown}
Potions
 e - 2 potions of mutation {unknown}
 g - a potion of magic {unknown}
Books
 b - a book of Flames

   Spells                             Type                      Level
   a - Flame Tongue                   Conjuration/Fire             1
   b - Throw Flame                    Conjuration/Fire             2
   c - Conjure Flame                  Conjuration/Fire             3
   d - Inner Flame                    Hexes/Fire                   3
   e - Sticky Flame                   Conjuration/Fire             4
   f - Fireball                       Conjuration/Fire             5
Comestibles
 c - a bread ration
 j - 4 fruits
 l - 3 royal jellies
 u - 3 chunks of flesh


   Skills:
 + Level 3.2 Dodging
 - Level 3.2 Stealth
 + Level 8.2 Spellcasting
 + Level 5.6 Conjurations
 + Level 6.0 Fire Magic


You had 12 spell levels left.
You knew the following spells:

 Your Spells              Type           Power        Failure   Level  Hunger
a - Flame Tongue          Conj/Fire      #####        1%          1    None
b - Throw Flame           Conj/Fire      #####.       1%          2    None
c - Conjure Flame         Conj/Fire      #####...     1%          3    None
d - Fireball              Conj/Fire      #####.....   17%         5    #####..


Dungeon Overview and Level Annotations

Branches:
Dungeon (5/15)             Temple (1/1) D:4

Altars:
Ashenzari
Dithmenos
Elyvilon
Fedhas
Gozag
Makhleb
Nemelex Xobeh
Okawaru
Qazlal
Ru
Trog
Uskayaw
Vehumet
Wu Jian
Yredelemnul
Zin
The Shining One

Annotations:
D:5 Sigmund


Message History

The flame tongue misses the steam dragon.
You are engulfed in a cloud of scalding steam.
Casting: Flame Tongue
Confirm with . or Enter, or press ? or * to list all spells.
Aiming: Flame Tongue
Press: ? - help, Shift-Dir - straight line, f/p - steam dragon
Aim: a steam dragon (moderately wounded, catching its breath)
The flame tongue hits the steam dragon.
The steam dragon is heavily wounded.
Casting: Flame Tongue
Confirm with . or Enter, or press ? or * to list all spells.
Aiming: Flame Tongue
Press: ? - help, Shift-Dir - straight line, f/p - steam dragon
Aim: a steam dragon (heavily wounded)
The flame tongue misses the steam dragon.
The steam dragon breathes steam at you. The ball of steam hits you!
* * * LOW HITPOINT WARNING * * *
You are engulfed in a cloud of scalding steam.
You die...

......## #.......#
.......## ##......##
....##..####.......#
.)..##....##.......#
..
...###..[..##......#
.. .###
##..#...#....## ...
## #..##......##
.... #
##..####.§§### #....
##....# ###§@§###
#.... #.....#
##.§§D### ##).#
####..#
###..{.####D)# #..##
##.....#.### #...#
###....## ##..#
##..## #..# ###.##
#######..###
####....#
#..).......#
#......##


There were no monsters in sight!

Vanquished Creatures
  Duvessa (D:5)
  2 ogres
  A centaur (D:5)
  A wyvern zombie (D:5)
  Dowan (D:5)
  A scorpion (D:5)
  2 jellies (D:5)
  3 orc wizards
  Jessica (D:2)
  2 iguanas (D:4)
  5 worker ants
  6 adders
  A gnoll (D:1)
  3 river rats (D:3)
  An ooze (D:3)
  An adder skeleton (D:4)
  5 worms
  2 dart slugs
  4 leopard geckos
  16 orcs
  8 bats
  A giant cockroach (D:1)
  7 goblins
  10 hobgoblins
  4 jackals (D:3)
  8 frilled lizards
  8 kobolds
  12 rats
117 creatures vanquished.

Vanquished Creatures (others)
  An orc wizard (D:5)
1 creature vanquished.

Grand Total: 118 creatures vanquished

Notes
Turn   | Place    | Note
-------+----------+-------------------------------------------
     0 | D:1      | nikopol the Deep Elf Fire Elementalist began the quest for the Orb.
     0 | D:1      | Reached XP level 1. HP: 10/10 MP: 6/6
    90 | D:1      | Reached XP level 2. HP: 15/15 MP: 1/8
   136 | D:1      | Learned a level 2 spell: Throw Flame
   559 | D:1      | Reached XP level 3. HP: 13/19 MP: 2/10
  1020 | D:1      | Learned a level 3 spell: Conjure Flame
  1580 | D:2      | Noticed Jessica
  1584 | D:2      | Killed Jessica
  1584 | D:2      | Reached skill level 4 in Spellcasting
  1584 | D:2      | Reached XP level 4. HP: 24/24 MP: 2/12
  2248 | D:3      | Reached XP level 5. HP: 10/28 MP: 2/14
  2450 | D:3      | Found a basalt altar of Yredelemnul.
  2640 | D:3      | Learned a level 5 spell: Fireball
  2671 | D:3      | Reached skill level 5 in Spellcasting
  2889 | D:3      | Found an ornate altar of the Wu Jian Council.
  2895 | D:3      | Found a glowing silver altar of Zin.
  2897 | D:3      | Found a shattered altar of Ashenzari.
  2897 | D:3      | Found a sparkling altar of Nemelex Xobeh.
  3687 | D:3      | Found a blossoming altar of Fedhas.
  3689 | D:3      | Found a stormy altar of Qazlal.
  3694 | D:3      | Reached XP level 6. HP: 32/32 MP: 12/16
  4275 | D:3      | Found a white marble altar of Elyvilon.
  4634 | D:4      | Reached skill level 6 in Spellcasting
  4634 | D:4      | Reached skill level 5 in Fire Magic
  5081 | D:4      | Reached XP level 7. HP: 22/36 MP: 11/19
  5307 | D:4      | Found a staircase to the Ecumenical Temple.
  5357 | Temple   | Entered the Ecumenical Temple
  5401 | Temple   | Became a worshipper of Vehumet
  5698 | D:5      | Entered Level 5 of the Dungeon
  5713 | D:5      | Reached skill level 7 in Spellcasting
  6032 | D:5      | Reached skill level 5 in Conjurations
  6074 | D:5      | Noticed Duvessa
  6096 | D:5      | Killed Duvessa
  6192 | D:5      | Noticed Dowan
  6196 | D:5      | Killed Dowan
  6386 | D:5      | Reached skill level 8 in Spellcasting
  6386 | D:5      | Reached XP level 8. HP: 41/41 MP: 12/22
  6387 | D:5      | Noticed Sigmund
  6407 | D:5      | Engulfed by a steam dragon's steam

Vault maps used:
D:1:      minmay_arrival_doors
D:2:      uniq_jessica
D:3:      kennysheep_ying_yang, grunt_temple_overflow_open,
          lightli_sewer_entry_pipes, feat_on_display
D:4:      temple_pool_b
D:5:      first_bread, uniq_duvessa, uniq_menkaure, uniq_sigmund
Temple:   jpeg_temple_island

Skill      XL: |  1  2  3  4  5  6  7  8 |
---------------+-------------------------+-----
Stealth        | 3 |  3.2
Spellcasting   | 4 5 6 8 |  8.2
Conjurations   | 2 3 5 |  5.6
Fire Magic     | 4 5 6 |  6.0
Dodging        | 3 |  3.2

Action                   |  1- 3 |  4- 6 |  7- 9 || total
-------------------------+-------+-------+-------++-------
Melee: Hand axe          |       |     1 |       ||     1
 Cast: Flame Tongue      |    69 |   141 |    31 ||   241
       Throw Flame       |     3 |    19 |    28 ||    50
       Conjure Flame     |     1 |     7 |     2 ||    10
  Eat: Chunk             |     2 |    11 |     4 ||    17
Armor: Robe              |     3 |     7 |     1 ||    11
Dodge: Dodged            |    14 |    17 |     5 ||    36
